 Dungeon Crawl Stone Soup version 0.31-a0-858-g469dc525a8 (webtiles) character file.

Game seed: 16028276385674908887

135 BinkBink the Covered (level 4, -7/41 HPs)
             Began as a Minotaur Fighter on Oct 9, 2023.
             Killed by divine providence
             ... invoked by an orc priest
              (10 damage)
             ... on level 3 of the Dungeon.
             The game lasted 00:02:34 (2232 turns).

BinkBink the Covered (Minotaur Fighter)             Turns: 2232, Time: 00:02:35

Health: -7/41      AC:  7    Str: 23    XL:     4   Next: 97%
Magic:  3/3        EV: 10    Int:  5    God:
Gold:   63         SH:  4    Dex:  9    Spells: 3/3 levels left

rFire   . . .        a - +0 long sword
rCold   . . .        c - +0 buckler
rNeg    . . .        b - +0 scale mail
rPois   .            (helmet restricted)
rElec   .            (no cloak)
rCorr   .            (no gloves)
SInv    .            (no boots)
Will    .....        (no amulet) Stlth
                     (no ring)
HPRegen 0.26/turn    (no ring)
MPRegen 0.08/turn

%: no passive effects
@: no status effects
A: horns 2, retaliatory headbutt
a: no special abilities


You were on level 3 of the Dungeon.
You visited 1 branch of the dungeon, and saw 3 of its levels.

You collected 63 gold pieces.

Inventory:

Hand Weapons
 a - a +0 long sword (weapon)
Armour
 b - a +0 scale mail (worn)
 c - a +0 buckler (worn)
Jewellery
 q - an amulet of guardian spirit
Scrolls
 e - a scroll of vulnerability {unknown}
 g - a scroll of fog {unknown}
 i - 3 scrolls of identify {unknown}
 j - 2 scrolls of amnesia {unknown}
 l - a scroll of brand weapon {unknown}
 n - a scroll of immolation {unknown}
 o - a scroll of teleportation {unknown}
 p - a scroll of noise {unknown}
Potions
 d - a potion of might
 f - a potion of mutation {unknown}
 h - a potion of attraction {unknown}
 k - 5 potions of haste {unknown}
 m - a potion of heal wounds {unknown}
 r - a potion of degeneration {unknown}


   Skills:
 + Level 4.3 Fighting
 * Level 4.1 Long Blades
 + Level 4.4 Armour
 + Level 1.7 Dodging
 + Level 4.2 Shields


You had 3 spell levels left.
You didn't know any spells.
Your spell library contained the following spells:

 Spells                   Type           Power      Damage    Failure   Level
 Magic Dart               Conj           0%         1d3       83%         1
 Call Imp                 Summ           0%         N/A       93%         2
 Mephitic Cloud           Conj/Pois/Air  0%         N/A       99%         3


Dungeon Overview and Level Annotations

Branches:
Dungeon (3/15)

Altars:

Shops:
D:2 =


Innate Abilities, Weirdness & Mutations

You have a pair of horns on your head.
You reflexively headbutt those who attack you in melee.


Message History

The orc is heavily wounded.
The orc hits you with a +0 whip. The orc completely misses you.
You furiously retaliate!
You headbutt the orc!
You kill the orc!
You slash the rat!
You kill the rat!
You hit the worm.
The worm is lightly wounded.
The worm bites you but does no damage.
You hit the worm. You headbutt the worm!
The worm is almost dead.
The orc priest casts a cantrip, but nothing happens.
The worm bites you but does no damage.
You slash the worm!
You kill the worm!
The orc hits you with a +0 flail.
You hit the orc but do no damage. You headbutt the orc, but do no damage.
You block the orc's attack.
You closely miss the orc. The orc hits you with a +0 flail.
You are too injured to fight recklessly!
You are too injured to fight recklessly!
You are too injured to fight recklessly!
Unknown command.
You are too injured to fight recklessly!
You are too injured to fight recklessly!
You hit the orc but do no damage. The orc hits you but does no damage.
You hit the orc.
The orc is severely wounded.
The orc priest mumbles some strange prayers to Beogh against you.
Beogh smites you!
* * * LOW HITPOINT WARNING * * *
The orc hits you but does no damage.
You hear a bark!
You hear an angry hiss. x2; You hear a shout!
The orc attacks as it pursues you! The orc hits you with a +0 flail.
* * * LOW HITPOINT WARNING * * *
There is an open door here.
The orc priest mumbles some strange prayers to Beogh against you.
Beogh smites you!
You die...

##..######
#....##..##
####....')...#
##..##..##....#
#....'#+###..####
#.)..## ##'#..##
####..## ##)..)#
# ..##'## #....#
# .##..## ##@.##
# .#....# ##'##
## .'....# ##o.##
#. ###..#+
##....# #. ####
'#oo...# #.
#.o##..## #.
##### +... ####
.# #. ....## #...
.# ## ####.#
###.. #.#


You could see 2 orc priests and 2 orcs.

Vanquished Creatures
  5 gnolls
  2 adders (D:2)
  2 worms
  A dart slug (D:2)
  2 orcs (D:3)
  4 bats
  2 endoplasms
  4 giant cockroaches
  6 goblins
  4 hobgoblins
  3 jackals (D:3)
  5 kobolds
  4 quokkas
  5 ball pythons
  7 frilled lizards
  3 rats
59 creatures vanquished.

Notes
Turn   | Place    | Note
-------+----------+-------------------------------------------
     0 | D:1      | BinkBink the Minotaur Fighter began the quest for the Orb.
     0 | D:1      | Reached XP level 1. HP: 19/19 MP: 0/0
   123 | D:1      | Reached XP level 2. HP: 27/27 MP: 1/1
   460 | D:1      | Found a faded altar of an unknown god.
   640 | D:1      | Reached XP level 3. HP: 33/33 MP: 2/2
   775 | D:2      | Reached skill level 1 in Dodging
  1121 | D:2      | Reached XP level 4. HP: 36/40 MP: 3/3
  1613 | D:2      | Found Wuneuboc's One-of-a-Kind Rings.
  2232 | D:3      | Killed from afar by an orc priest

Illustrated notes

Levels and vault maps discovered:
D:1:      wander_arrival_peaceful_grave, layout_loops_cross,
          hellmonk_ecumenical_altar_inner_sanctum, minivault_19
D:2:      layout_loops_corners, nicolae_shop_unique_rings
D:3:      minmay_bubble_buster, layout_loops_corners, kiku_gazebo_pond_becter,
          serial_shops, nicolae_shop_mannequins, kennysheep_small_spiral

Skill      XL: |  1  2  3  4 |
---------------+-------------+-----
Long Blades    | 3 4 |  4.1
Fighting       | 4 |  4.3
Armour         | 4 |  4.4
Dodging        | 1 |  1.7
Shields        | 4 |  4.2

Action                     |  1- 3 |  4- 6 || total
---------------------------+-------+-------++-------
  Melee: Long sword        |    71 |    66 ||   137
         Headbutt          |    11 |     9 ||    20
 Armour: Scale mail        |    54 |    42 ||    96
  Dodge: Dodged            |    48 |    32 ||    80
  Block: Buckler           |    14 |    18 ||    32

Table legend: (Time is in decaauts)
 A = Elapsed time spent in this place.
 B = Non-inter-level travel time spent in this place.
 C = Inter-level travel time spent in this place.
 D = Time resting spent in this place.
 E = Time spent auto-exploring this place.
 F = Levels seen in this place.
 G = Mean time per level.
                   A        B        C        D        E       F      G
               +--------+--------+--------+--------+--------+-----+--------+
         Total |   2269 |   2239 |     30 |    143 |   1723 |   3 |  756.3 |
       Dungeon |   2269 |   2239 |     30 |    143 |   1723 |   3 |  756.3 |
               +--------+--------+--------+--------+--------+-----+--------+

Top non-repeatable levels by time:
     D:2: 965 daAuts
     D:1: 907 daAuts
     D:3: 396 daAuts
